 Dungeon Crawl Stone Soup version 0.20-a0-455-gc3b7d50 (webtiles) character file.

50 M4edhros the Grave Robber (level 3, -8/21 HPs)
             Began as an Octopode Necromancer on Jan 9, 2017.
             Splashed by a jelly's acid (11 damage)
             ... on level 5 of the Dungeon.
             The game lasted 00:03:01 (547 turns).

M4edhros the Grave Robber (Octopode Necromancer)     Turns: 547, Time: 00:03:01

Health: -8/21      AC: -3    Str:  7    XL:     3   Next: 79%
Magic:  2/6        EV: 13    Int: 17    God:
Gold:   106        SH:  0    Dex: 13    Spells: 1/6 levels left

rFire  . . .     SeeInvis .     f - +2 dagger (drain)
rCold  . . .     Gourm    .     (no shield)
rNeg   . . .     Faith    .     (helmet restricted)
rPois  .         Spirit   .     (no amulet)
rElec  .         Reflect  .     (no ring)
rCorr  .         Harm     .     (no ring)
MR     .....                    (no ring)
Stlth  +++.......               (no ring)
                                (no ring)
                                (no ring)
                                (no ring)
                                (no ring)

@: corroded
A: almost no armour, stealthy swim, amphibious, 8 rings, constrict 8, camouflage
1, gelatinous body 1
a: no special abilities


You were on level 5 of the Dungeon.
You were not hungry.

You visited 1 branch of the dungeon, and saw 5 of its levels.

You collected 106 gold pieces.

Inventory:

Hand Weapons
 f - a +2 dagger of draining (weapon)
Missiles
 c - 3 javelins (quivered)
Wands
 h - a wand of digging (9/24)
Scrolls
 e - 2 scrolls of recharging {unknown}
 i - a scroll of fog {unknown}
 j - a scroll of teleportation {unknown}
Potions
 d - a potion of berserk rage {unknown}
Books
 a - a book of Necromancy

   Spells                             Type                      Level
   a - Pain                           Necromancy                   1
   b - Animate Skeleton               Necromancy                   1
   c - Vampiric Draining              Necromancy                   3
   d - Regeneration                   Charms/Necromancy            3
   e - Animate Dead                   Necromancy                   4
   f - Control Undead                 Necromancy                   4
Comestibles
 b - a bread ration
 g - a chunk of flesh


   Skills:
 - Level 2.0 Dodging
 - Level 2.6 Stealth
 + Level 3.2 Unarmed Combat
 - Level 2.0 Spellcasting
 - Level 4.0 Necromancy


You had one spell level left.
You knew the following spells:

 Your Spells              Type           Power        Failure   Level  Hunger
a - Pain                  Necr           ###.         3%          1    #......
b - Animate Skeleton      Necr           N/A          3%          1    #......
c - Regeneration          Chrm/Necr      #.........   24%         3    ###....


Dungeon Overview and Level Annotations

Branches:
Dungeon (5/15)
 Temple: D:4-7

Altars:

Annotations:
D:4 Menkaure


Innate Abilities, Weirdness & Mutations

You cannot wear most types of armour.
You are very stealthy in the water. (Stealth+)
You are amphibious.
You can wear up to eight rings at the same time.
You can use your tentacles to constrict eight enemies at once.
Your skin changes colour to match your surroundings (Stealth+).
Your rubbery body absorbs attacks. (AC +1, EV +1)


Message History

Your skin stops crawling.
Your magical contamination has completely faded away.
Casting: Regeneration
Confirm with . or Enter, or press ? or * to list all spells.
Aiming: Pain
Press: ? - help, Shift-Dir - straight line, f - jelly
Aim: a jelly (moderately wounded, chance to defeat MR: 80%)
The jelly writhes in agony!
The jelly hits you.
You are splashed with acid!
The acid burns!
* * * LOW HITPOINT WARNING * * *
Casting: Pain
Confirm with . or Enter, or press ? or * to list all spells.
Aiming: Pain
Press: ? - help, Shift-Dir - straight line, f/p - jelly
Aim: a jelly (moderately wounded, chance to defeat MR: 80%)
The jelly writhes in agony!
The jelly hits you.
* * * LOW HITPOINT WARNING * * *
The acid corrodes you!
You are splashed with acid!
The acid burns!
Ouch! That really hurt!
You die...

### #.. #.###### #
####### #..@J..#.#
#<....####..###.#.#####
#.###.##....# #........
#.#.........###...#####
#.#.#.##.#........#
#....<####........#
###.### ######.### #.
#.# # #.#


You could see a jelly.

Vanquished Creatures
  Jessica (D:2)
  An adder (D:2)
  5 orcs
  2 bats (D:1)
  2 goblins (D:2)
  A quokka (D:2)
  A ball python (D:2)
  A frilled lizard (D:1)
  2 kobolds
  A rat (D:1)
17 creatures vanquished.

Notes
Turn   | Place    | Note
-------+----------+-------------------------------------------
     0 | D:1      | M4edhros the Octopode Necromancer began the quest for the Orb.
     0 | D:1      | Reached XP level 1. HP: 11/11 MP: 3/3
    61 | D:1      | Reached skill level 1 in Unarmed Combat
   182 | D:2      | Reached XP level 2. HP: 6/17 MP: 0/5
   246 | D:2      | Learned a level 1 spell: Animate Skeleton
   256 | D:2      | Noticed Jessica
   267 | D:2      | Killed Jessica
   267 | D:2      | Reached XP level 3. HP: 1/21 MP: 6/6
   272 | D:2      | Learned a level 3 spell: Regeneration
   411 | D:4      | Noticed Menkaure
   468 | D:4      | Noticed an ogre
   471 | D:4      | HP: 1/21 [ogre/giant spiked club (20)]
   474 | D:5      | Entered Level 5 of the Dungeon
   547 | D:5      | Splashed by a jelly's acid

Vault maps used:
D:1:      shiori_arrival_oz, corexii_leaking_fountain, supply_closet_lemuel
D:2:      first_bread, chequers_ecumenical_altar_simple_redux, uniq_robin,
          uniq_jessica
D:3:      uniq_sigmund, uniq_grinder
D:4:      uniq_menkaure, uniq_natasha
D:5:      nicolae_ru_great_annihilating_truth

Skill      XL: |  1  2 |
---------------+-------+-----
Unarmed Combat | 1 3 |  3.2
Dodging        | |  2.0
Stealth        | |  2.6
Spellcasting   | |  2.0
Necromancy     | |  4.0

Action                   || total
-------------------------++-------
Melee: Unarmed           ||    11
       Constrict         ||     8
       Tentacles         ||     5
       Dagger            ||    22
 Cast: Pain              ||    12
       Animate Skeleton  ||     3
       Regeneration      ||     5
 Stab: Sleeping          ||     4
Armor: Skin              ||     3
Dodge: Dodged            ||    20
